 Dungeon Crawl Stone Soup version 0.28-a0-1182-g381e24db82 (webtiles) character file.

Game seed: 7156643918182716036

12 ytrimaz the Skirmisher (level 2, 0/24 HPs)
             Began as a Demonspawn Fighter on Dec 16, 2021.
             Slain by a worm (5 damage)
             ... on level 2 of the Dungeon.
             The game lasted 00:00:48 (599 turns).

ytrimaz the Skirmisher (Demonspawn Fighter)          Turns: 599, Time: 00:00:48

Health: 0/24       AC:  6    Str: 16    XL:     2   Next: 20%
Magic:  2/2        EV:  9    Int:  9    God:
Gold:   39         SH:  4    Dex: 12    Spells: 1/1 levels left

rFire   . . .      SeeInvis .   (no weapon)
rCold   . . .      Faith    .   c - +0 buckler
rNeg    . . .      Spirit   .   b - +0 scale mail
rPois   .          Reflect  .   (no helmet)
rElec   .          Harm     .   (no cloak)
rCorr   .          Rampage  .   (no gloves)
Will    .....                   (no boots)
Stlth   ..........              (no amulet)
HPRegen 0.08/turn               (no ring)
MPRegen 0.08/turn               (no ring)

@: mighty
A: demonic touch 1
a: no special abilities


You were on level 2 of the Dungeon.
You visited 1 branch of the dungeon, and saw 2 of its levels.

You collected 39 gold pieces.

Inventory:

Armour
 b - a +0 scale mail (worn)
 c - a +0 buckler (worn)
Potions
 a - a potion of lignification {unknown}
 e - a potion of flight {unknown}
 f - 2 potions of heal wounds {unknown}
 g - a potion of berserk rage {unknown}


   Skills:
 * Level 3.3 Fighting
 - Level 1.8 Axes
 + Level 2.9 Armour
 + Level 2.8 Shields
 * Level 0.1 Unarmed Combat


You had one spell level left.
You didn't know any spells.
Your spell library was empty.

Dungeon Overview and Level Annotations

Branches:
Dungeon (2/15)

Altars:


Innate Abilities, Weirdness & Mutations

Your touch may inflict minor irresistible damage on your foes.


Message History

You hit the worm.
The worm is lightly wounded.
The worm bites you.
You hit the worm but do no damage. You hit the worm but do no damage.
You block the worm's attack.
You hit the worm.
The worm is lightly wounded.
The worm bites you but does no damage.
Unknown command.
You hit the worm.
The worm is lightly wounded.
You hit the worm.
The worm is moderately wounded.
The worm misses you.
Unknown command.
You hit the worm but do no damage.
The worm is lightly wounded.
You barely miss the worm.
The worm is lightly wounded.
The worm closely misses you.
You hit the worm.
The worm is moderately wounded.
The worm closely misses you.
Unknown command.
You hit the worm.
The worm is moderately wounded.
You hit the worm.
The worm is moderately wounded.
The worm bites you.
* * * LOW HITPOINT WARNING * * *
Unknown command.
You hit the worm.
The worm is moderately wounded.
Unknown command.
You hit the worm.
The worm is heavily wounded.
The worm barely misses you.
You feel very mighty all of a sudden. The worm bites you.
You die...

##..# #.... # ....# .#
... ### ####.## ...
...!#######...... #.#
#.....##.....# #.#
#.....#.....# .. #<#
#...w@.....# #.. #.#
#.....#...## #.. #.#
#.....##...###.# ##.#
########....#..# #..#
###......# #.##
#.......## #.#
########.###...# #.#
#......#.###...###
#.####.####<#.#.......#


You could see a worm.

Vanquished Creatures
  2 endoplasms
  2 goblins (D:1)
  2 ball pythons (D:1)
  A bat (D:1)
  2 frilled lizards (D:1)
  2 kobolds (D:1)
  A rat (D:1)
12 creatures vanquished.

Notes
Turn   | Place    | Note
-------+----------+-------------------------------------------
     0 | D:1      | ytrimaz the Demonspawn Fighter began the quest for the Orb.
     0 | D:1      | Reached XP level 1. HP: 18/18 MP: 1/1
   226 | D:1      | Found a faded altar of an unknown god.
   318 | D:1      | Discovered your monstrous ancestry.
   318 | D:1      | Gained mutation: Your touch may inflict minor irresistible
                  | damage on your foes. [demonic ancestry]
   318 | D:1      | Reached XP level 2. HP: 24/24 MP: 2/2
   599 | D:2      | Slain by a worm

Illustrated notes

Levels and vault maps discovered:
D:1:      amcnicky_arrival_gap_in_the_tavern_cellar, layout_basic,
          ebering_ecumenical_altar_abandoned
D:2:      layout_loops_cross

Action                   || total
-------------------------++-------
Melee: War axe           ||    30
       Unarmed           ||    30
  Use: Scroll            ||     1
       Potion            ||     1
Armor: Scale mail        ||    26
Dodge: Dodged            ||    32
Block: Buckler           ||    13

Table legend: (Time is in decaauts)
 A = Elapsed time spent in this place.
 B = Non-inter-level travel time spent in this place.
 C = Inter-level travel time spent in this place.
 D = Time resting spent in this place.
 E = Time spent auto-exploring this place.
 F = Levels seen in this place.
 G = Mean time per level.
                   A        B        C        D        E       F      G
               +--------+--------+--------+--------+--------+-----+--------+
         Total |    612 |    592 |     20 |      0 |    444 |   2 |  306.0 |
       Dungeon |    612 |    592 |     20 |      0 |    444 |   2 |  306.0 |
               +--------+--------+--------+--------+--------+-----+--------+

Top non-repeatable levels by time:
     D:1: 491 daAuts
     D:2: 121 daAuts
